 Dungeon Crawl Stone Soup version 0.31.0-12-g77e489cdc1 (webtiles) character file.

Game seed: 10306298924300714375

102 Gadfly the Covered (level 4, -1/38 HPs)
             Began as an Armataur Fighter on Mar 1, 2024.
             Slain by a gnoll
             ... wielding a +0 flail
              (10 damage)
             ... on level 2 of the Dungeon.
             The game lasted 00:03:36 (1130 turns).

Gadfly the Covered (Armataur Fighter)               Turns: 1130, Time: 00:03:37

Health: -1/38      AC:  8    Str: 21    XL:     4   Next: 50%
Magic:  5/5        EV:  7    Int:  9    God:
Gold:   67         SH:  4    Dex: 11    Spells: 3/3 levels left

rFire   . . .        b - +0 morningstar
rCold   . . .        c - +0 buckler
rNeg    . . .        h - +0 scale mail
rPois   .            f - +0 helmet
rElec   .            (no cloak)
rCorr   .            (no gloves)
SInv    .            (no barding)
Will    .....        (no amulet) Stlth
                     (no ring)
HPRegen 0.26/turn    (no ring)
MPRegen 0.09/turn

%: roll
@: no status effects
A: large, deformed body, tough skin 3, armoured tail, roll 1
a: no special abilities


You were on level 2 of the Dungeon.
You visited 1 branch of the dungeon, and saw 2 of its levels.

You collected 67 gold pieces.

Inventory:

Hand Weapons
 a - a +0 flail
 b - a +0 morningstar (weapon)
Armour
 c - a +0 buckler (worn)
 f - a +0 helmet (worn)
 h - a +0 scale mail (worn)
Scrolls
 g - a scroll of teleportation
Potions
 d - 2 potions of might
 e - a potion of curing
 i - a potion of mutation
 j - a potion of attraction


   Skills:
 + Level 3.0 Fighting
 * Level 2.5 Maces & Flails
 + Level 4.0 Armour
 + Level 3.6 Shields
 * Level 1.8 Invocations
 * Level 1.7 Evocations


You had 3 spell levels left.
You didn't know any spells.
Your spell library contained the following spells:

 Spells                   Type           Power      Damage    Failure   Level
 Apportation              Tloc           0%         N/A       78%         1
 Jinxbite                 Hex            0%         N/A       89%         2
 Alistair's Intoxication  Alch           0%         N/A       100%        5


Dungeon Overview and Level Annotations

Branches:
Dungeon (2/15)

Altars:


Innate Abilities, Weirdness & Mutations

Armour fits poorly on your strangely shaped body.
You have extremely tough skin. (AC +3)
You have a long armoured tail.
You regenerate magic when rolling toward enemies. (Rampage MPRegen)


Message History

The adder is lightly wounded.
The adder bites you.
* * * LOW HITPOINT WARNING * * *
The adder bites you but does no damage.
You sock the adder!
The adder is almost dead.
The adder bites you but does no damage. x2
You thump the adder!
You kill the adder!
The gnoll hits you but does no damage.
You closely miss the gnoll. The gnoll barely misses you.
You puncture the gnoll!
The gnoll is severely wounded.
The gnoll barely misses you. The gnoll hits you but does no damage.
You hit the gnoll.
The gnoll is almost dead.
The gnoll hits you but does no damage.
You closely miss the gnoll. You tail-slap the gnoll.
You kill the gnoll!
Your Armour skill increases to level 4!
You sock the gnoll!
Your tail-slap misses the gnoll.
The gnoll is severely wounded.
You block the gnoll's attack.
Unknown command.
Okay, then.
You barely miss the gnoll.
The gnoll is severely wounded.
The gnoll hits you with a +0 flail.
* * * LOW HITPOINT WARNING * * *
The gnoll hits you with a +0 flail.
* * * LOW HITPOINT WARNING * * *
You closely miss the gnoll.
Your tail-slap misses the gnoll.
The gnoll is severely wounded.
The gnoll hits you but does no damage.
Unknown command.
You feel better. The gnoll hits you but does no damage.
You barely miss the gnoll.
Your tail-slap misses the gnoll.
The gnoll is severely wounded.
You block the gnoll's attack. The gnoll hits you with a +0 flail!
You die...

##### #.# #... ... ##
###.############.# #.#
#................# ##
#.###.#†###########<.#
#.###......# #..#
#.#.###.### #..# #.##
#.# #... #.# #@# ##..
#[# #g# ##.
#####.####.# #.
#..........# #.
#.###.####.#### #.
#.........# #.
#####.)##.# #. #..# #
#. #.)# #.


You could see a gnoll.

Vanquished Creatures
  3 gnolls (D:2)
  3 adders (D:2)
  A ribbon worm (D:2)
  A dart slug (D:1)
  3 ball pythons (D:1)
  4 endoplasms (D:1)
  2 giant cockroaches (D:1)
  6 goblins
  4 hobgoblins (D:1)
  2 jackals (D:1)
  3 kobolds (D:1)
  2 quokkas (D:2)
  A bat (D:1)
  4 frilled lizards
  3 rats (D:1)
42 creatures vanquished.

Notes
Turn   | Place    | Note
-------+----------+-------------------------------------------
     0 | D:1      | Gadfly the Armataur Fighter began the quest for the Orb.
     0 | D:1      | Reached XP level 1. HP: 18/18 MP: 1/1
    94 | D:1      | Reached XP level 2. HP: 25/25 MP: 2/2
   231 | D:1      | Reached skill level 1 in Invocations
   547 | D:1      | Reached XP level 3. HP: 30/30 MP: 3/3
   794 | D:1      | Reached skill level 1 in Evocations
  1073 | D:2      | Reached XP level 4. HP: 24/38 MP: 5/5
  1126 | D:2      | Reached skill level 4 in Armour
  1127 | D:2      | HP: 1/38 [gnoll/+0 flail (2)]
  1130 | D:2      | Slain by a gnoll

Illustrated notes

Levels and vault maps discovered:
D:1:      lightli_arrival_lavapool, layout_basic
D:2:      layout_loops_ring, serial_shops, nicolae_shop_window_shopping

Skill      XL: |  1  2  3  4 |
---------------+-------------+-----
Maces & Flails | 2 |  2.5
Invocations    | 1 |  1.8
Evocations     | 1 |  1.7
Fighting       | 3 |  3.0
Armour         | 4 |  4.0
Shields        | |  3.6

Action                     |  1- 3 |  4- 6 || total
---------------------------+-------+-------++-------
  Melee: Flail             |   118 |       ||   118
         Tailslap          |    11 |     1 ||    12
         Morningstar       |       |    35 ||    35
    Use: Scroll            |     6 |       ||     6
         Potion            |     1 |     1 ||     2
 Armour: Scale mail        |    96 |    49 ||   145
  Dodge: Dodged            |    50 |    16 ||    66
  Block: Buckler           |    31 |     9 ||    40
